 Dungeon Crawl Stone Soup version 0.31-a0-832-g3a2c1c66ba (webtiles) character file.

Game seed: 17403905683323091034

112 Ijustatesigmund the Magician (level 4, -4/25 HPs)
             Began as a Deep Elf Fire Elementalist on Sept 25, 2023.
             Slain by an orc
             ... wielding a +0 hand axe
              (7 damage)
             ... on level 3 of the Dungeon.
             The game lasted 00:03:36 (3707 turns).

Ijustatesigmund the Magician (DEFE)                 Turns: 3707, Time: 00:03:37

Health: -4/25      AC:  3    Str:  5    XL:     4   Next: 63%
Magic:  8/12       EV: 12    Int: 22    God:
Gold:   81         SH:  0    Dex: 15    Spells: 4/11 levels left

rFire   . . .        g - +0 short sword
rCold   . . .        (no shield)
rNeg    . . .        a - +0 robe
rPois   .            (no helmet)
rElec   .            (no cloak)
rCorr   .            l - +0 pair of gloves
SInv    .            (no boots)
Will    .....        (no amulet)
Stlth   ++           (no ring)
HPRegen 0.24/turn    (no ring)
MPRegen 0.13/turn

%: no passive effects
@: very slightly contaminated
A: no striking features
a: no special abilities


You were on level 3 of the Dungeon.
You visited 1 branch of the dungeon, and saw 4 of its levels.

You collected 81 gold pieces.

Inventory:

Hand Weapons
 g - a +0 short sword (weapon)
Armour
 a - a +0 robe (worn)
 l - a +0 pair of gloves (worn)
Scrolls
 c - 2 scrolls of enchant weapon {unknown}
 d - 4 scrolls of identify {unknown}
 f - 2 scrolls of revelation {unknown}
 i - 2 scrolls of amnesia {unknown}
 j - a scroll of fear {unknown}
 k - a scroll of teleportation {unknown}
 p - a scroll of fog {unknown}
Potions
 b - a potion of magic
 e - 2 potions of heal wounds {unknown}
 h - 2 potions of mutation {unknown}
 m - a potion of berserk rage {unknown}
 n - a potion of haste {unknown}
 o - 3 potions of brilliance {unknown}
 q - a potion of degeneration {unknown}


   Skills:
 + Level 1.5 Fighting
 - Level 2.4 Dodging
 - Level 2.4 Stealth
 + Level 4.2 Spellcasting
 * Level 2.6 Conjurations
 + Level 4.1 Fire Magic


You had 4 spell levels left.
You knew the following spells:

 Your Spells              Type           Power      Damage    Failure   Level
a - Foxfire               Conj/Fire      76%        2x1d7     2%          1
b - Scorch                Fire           44%        2d6       3%          2
c - Flame Wave            Conj/Fire      19%        2d7       26%         4

Your spell library contained the following spells:

 Spells                   Type           Power      Damage    Failure   Level
 Inner Flame              Hex/Fire       13%        N/A       14%         3
 Volatile Blastmotes      Fire/Tloc      26%        2d12      14%         3
 Blink                    Tloc           8%         N/A       17%         2
 Manifold Assault         Tloc           4%         N/A       73%         4
 Yara's Violent Unravell  Hex/Tmut       2%         3d3       97%         5
 Enfeeble                 Hex            2%         N/A       100%        7


Dungeon Overview and Level Annotations

Branches:
Dungeon (4/15)
 Temple: D:4-7

Altars:
Hepliaklqana
Okawaru

Shops:
D:1 (   D:3 =


Message History

You conjure some foxfire!
The foxfire hits the orc.
The orc is moderately wounded.
The orc hits you with a +0 hand axe.
The foxfire hits the orc.
The orc is moderately wounded.
The orc closely misses you.
Casting: Foxfire (safe; 2% risk of failure)
Confirm with . or Enter, or press ? or * to list all spells.
You conjure some foxfire!
The orc completely misses you. The orc barely misses you.
The orc barely misses your foxfire. The orc barely misses you.
The foxfire hits the orc.
The orc is moderately wounded.
The foxfire hits the orc.
The orc is heavily wounded.
The orc barely misses you. The orc hits you with a +0 hand axe.
The orc barely misses you. The orc hits you with a +0 short sword.
The orc closely misses you. The orc hits you with a +0 whip.
You climb upwards.
There is a stone staircase leading down here.
Casting: Foxfire (safe; 2% risk of failure)
Confirm with . or Enter, or press ? or * to list all spells.
You miscast Foxfire.
You are very lightly contaminated with residual magic.
Nothing appears to happen.
The orc misses you. The orc hits you but does no damage.
The orc hits you with a +0 whip.
Casting: Foxfire (safe; 2% risk of failure)
Confirm with . or Enter, or press ? or * to list all spells.
You conjure some foxfire!
The orc closely misses you. x2
The orc hits you with a +0 whip.
* * * LOW HITPOINT WARNING * * *
The foxfire hits the orc.
The orc is almost dead.
The foxfire hits the orc but does no damage.
The orc is lightly wounded.
The orc hits you with a +0 whip.
* * * LOW HITPOINT WARNING * * *
The orc misses you. The orc hits you with a +0 hand axe!
You die...

#.# #.####.##.####..##.#
#.#
#.####.##..#.#####.#####
#.#
#.##....#.....)....##...
#.#
#.##.#.##############.##
#.# #.##..§#
#...........# #.#
#.##._§# ####..#######
#.# #.#....#######..#
#.####.#.##§.o.......#
#..........o@#######.#
############o# #.# #.#
#.# #.#######.#
#.........# ###########


You could see 3 orcs.

Vanquished Creatures
  An orc wizard (D:3)
  An adder (D:2)
  2 worms (D:2)
  A dart slug (D:2)
  5 orcs
  3 bats
  7 endoplasms
  2 giant cockroaches
  4 goblins
  9 hobgoblins
  5 jackals (D:3)
  4 kobolds
  2 quokkas (D:2)
  6 ball pythons
  3 frilled lizards
  A rat (D:3)
56 creatures vanquished.

Vanquished Creatures (others)
  178 foxfires
178 creatures vanquished.

Grand Total: 234 creatures vanquished

Notes
Turn   | Place    | Note
-------+----------+-------------------------------------------
     0 | D:1      | Ijustatesigmund the Deep Elf Fire Elementalist began the
                  | quest for the Orb.
     0 | D:1      | Reached XP level 1. HP: 10/10 MP: 6/6
   237 | D:1      | Found Juutt's Weapon Shoppe.
   247 | D:1      | Reached XP level 2. HP: 16/16 MP: 4/8
   250 | D:1      | Learned a level 2 spell: Scorch
  1308 | D:2      | Reached XP level 3. HP: 20/20 MP: 3/10
  1450 | D:2      | Reached skill level 1 in Fighting
  1704 | D:2      | Found a hazy altar of Hepliaklqana.
  2504 | D:3      | Reached XP level 4. HP: 25/25 MP: 7/12
  2553 | D:3      | Learned a level 4 spell: Flame Wave
  2752 | D:3      | Found an iron altar of Okawaru.
  3219 | D:3      | Found Efuniasch's Jewellery Shop.
  3479 | D:3      | Found a faded altar of an unknown god.
  3707 | D:3      | Slain by an orc

Illustrated notes

Levels and vault maps discovered:
D:1:      dpeg_arrival_long_road, layout_loops_ring, serial_shops,
          nicolae_square_shop, serial_forest, infiniplex_forest_straight_4,
          infiniplex_forest_end_2, infiniplex_forest_lined_4_way,
          infiniplex_forest_straight_3, infiniplex_forest_straight_5,
          infiniplex_forest_end_double, infiniplex_forest_end_double,
          infiniplex_forest_lined_2, amcnicky_mini_pool_small
D:2:      layout_basic, basic_altar, st_stairs_14
D:3:      minmay_wonky_spiral, layout_loops_ring,
          mainiacjoe_overflow_small_starburst, ebering_ecumenical_altar_mist,
          serial_shops, shop
D:4:      layout_loops_ring, nicolae_elyvilon_peaceful_grove,
          serial_bayou_pond_e

Skill      XL: |  1  2  3 |
---------------+----------+-----
Fighting       | 1 |  1.5
Conjurations   | 2 |  2.6
Spellcasting   | 4 |  4.2
Fire Magic     | 4 |  4.1
Dodging        | |  2.4
Stealth        | |  2.4

Action                     |  1- 3 |  4- 6 || total
---------------------------+-------+-------++-------
  Melee: Short sword       |       |     1 ||     1
   Cast: Foxfire           |    78 |    41 ||   119
         Scorch            |     1 |     7 ||     8
 Armour: Robe              |     8 |    13 ||    21
  Dodge: Dodged            |    13 |    18 ||    31

Table legend: (Time is in decaauts)
 A = Elapsed time spent in this place.
 B = Non-inter-level travel time spent in this place.
 C = Inter-level travel time spent in this place.
 D = Time resting spent in this place.
 E = Time spent auto-exploring this place.
 F = Levels seen in this place.
 G = Mean time per level.
                   A        B        C        D        E       F      G
               +--------+--------+--------+--------+--------+-----+--------+
         Total |   3706 |   3620 |     86 |     92 |   3135 |   4 |  926.5 |
       Dungeon |   3706 |   3620 |     86 |     92 |   3135 |   4 |  926.5 |
               +--------+--------+--------+--------+--------+-----+--------+

Top non-repeatable levels by time:
     D:1: 1243 daAuts
     D:3: 1241 daAuts
     D:2: 1213 daAuts
     D:4: 7 daAuts
